 Dungeon Crawl Stone Soup version 0.16-a0-1212-geefc3ab (webtiles) character file.

89 Qrupt the Gusty (level 4, -2/27 HPs)
             Began as a High Elf Air Elementalist on Oct 12, 2014.
             Was an Initiate of Sif Muna.
             Slain by a killer bee (8 damage)
             ... on level 5 of the Dungeon.
             The game lasted 00:08:54 (1788 turns).

Qrupt the Gusty (High Elf Air Elementalist)         Turns: 1788, Time: 00:08:54

Health: -2/27      AC:  3    Str:  7    XL:     4   Next: 31%
Magic:  13/13      EV: 12    Int: 20    God:    Sif Muna [......]
Gold:   141        SH:  0    Dex: 15    Spells: 3 memorised, 4 levels left

rFire  . . .     SeeInvis .     m - +2 dagger (venom)
rCold  . . .     Clarity  .     a - +0 robe
rNeg   . . .     SustAb   +     (no shield)
rPois  .         Gourm    .     (no helmet)
rElec  .         Spirit   .     (no cloak)
rCorr  .         Warding  .     o - +0 pair of gloves (curse)
rMut   .         Stasis   .     (no boots)
MR     .....                    g - amulet of regeneration
Stlth  ++........               (no ring)
                                i - ring of sustain abilities

@: lethally poisoned, about to teleport, not resistant to hostile enchantments,
unstealthy
A: no striking features
a: Renounce Religion


You were on level 5 of the Dungeon.
You worshipped Sif Muna.
Sif Muna was noncommittal.
You were not hungry.

You visited 1 branch of the dungeon, and saw 5 of its levels.

You collected 141 gold pieces.

Inventory:

Hand weapons
 m - a +2 dagger of venom (weapon)
Armour
 a - a +0 robe (worn)
 o - a cursed +0 pair of gloves (worn)
Comestibles
 c - 2 bread rations
 j - a beef jerky
 s - 3 fruits
 u - a meat ration
Scrolls
 d - 7 scrolls of identify {unknown}
 p - 2 scrolls of amnesia {unknown}
Jewellery
 g - an amulet of regeneration (around neck)
 i - a ring of sustain abilities (left hand)
 r - a +3 ring of intelligence {unknown}
 w - an uncursed ring of fire {unknown}
Potions
 e - a potion of restore abilities {unknown}
 k - 3 potions of lignification {unknown}
 l - a potion of cure mutation {unknown}
 n - a potion of invisibility {unknown}
 v - a potion of agility {unknown}
 z - 2 potions of berserk rage {unknown}
Books
 b - a book of Air

   Spells                             Type                      Level
   *Shock                             Conjuration/Air              1
   *Swiftness                         Charms/Air                   2
   Repel Missiles                     Charms/Air                   2
   Flight                             Charms/Air                   3
   *Static Discharge                  Conjuration/Air              3
   Lightning Bolt                     Conjuration/Air              5
 y - a book of the Sky

   Spells                             Type                      Level
   Flight                             Charms/Air                   3
   Airstrike                          Air                          4
   Silence                            Hexes/Air                    5
   Deflect Missiles                   Charms/Air                   6
   Conjure Ball Lightning             Conjuration/Air              6
   Tornado                            Air                          9


   Skills:
 - Level 2.1 Dodging
 + Level 2.9 Stealth
 + Level 3.5 Spellcasting
 + Level 2.5 Conjurations
 + Level 4.3 Air Magic


You had 4 spell levels left.
You knew the following spells:

 Your Spells              Type           Power        Failure   Level  Hunger
a - Shock                 Conj/Air       ###.         3%          1    None
b - Swiftness             Chrm/Air       ##......     10%         2    ##.....
c - Static Discharge      Conj/Air       ###.....     12%         3    ###....


Dungeon Overview and Level Annotations

Branches:
Dungeon (6/15)
 Temple: D:4-7

Altars:
Sif Muna
Zin


Message History

Unknown command.
Read which item? (? for menu, Esc to quit)
As you read the scroll labeled TAREUKL NEWNA, it crumbles to dust.
It is a scroll of enchant weapon.
Enchant which weapon? (? for menu, Esc to quit)
Your +1 dagger of venom glows red for a moment.
You feel sick. The killer bee stings you.
You are more poisoned.
The killer bee poisons you! The killer bee stings you!
* * * LOW HITPOINT WARNING * * *
You are lethally poisoned!
The killer bee poisons you! The killer bee barely misses you.
The killer bee barely misses you. The killer bee closely misses you.
The killer bee barely misses you.
Read which item? (? for menu, Esc to quit)
As you read the scroll labeled SAOJERI TATIA, it crumbles to dust.
You feel strangely unstable.
It was a scroll of teleportation.
* * * LOW HITPOINT WARNING * * *
You feel sick. The killer bee stings you!
You die...

#.....+ +.....#
##+##+###.....###
#...............#
+.............>.# .
#...............+ ...
#...............#+##....
...#+####+###+#§§y..#
...# #§@yy.# ...#
#§§y..# ...# +§§§..#
...+ #.....# ...#
#.....# #+## ##+#### + #
#


You could see 4 killer bees.

Vanquished Creatures
  An orc priest (D:3)
  An adder (D:2)
  A worm (D:5)
  3 orcs (D:3)
  A giant cockroach (D:1)
  4 goblins
  8 hobgoblins
  5 kobolds
  2 quokkas (D:2)
  4 bats
  4 giant newts
  6 rats
40 creatures vanquished.

Notes
Turn   | Place    | Note
--------------------------------------------------------------
     0 | D:1      | Qrupt, the High Elf Air Elementalist, began the quest for the Orb.
     0 | D:1      | Reached XP level 1. HP: 11/11 MP: 4/4
   419 | D:1      | Reached XP level 2. HP: 17/17 MP: 3/6
   716 | D:1      | Learned a level 2 spell: Swiftness
   878 | D:2      | Found a deep blue altar of Sif Muna.
   881 | D:2      | Became a worshipper of Sif Muna the Loreminder
  1037 | D:2      | Reached skill level 4 in Air Magic
  1134 | D:2      | Reached XP level 3. HP: 11/21 MP: 0/8
  1159 | D:2      | Learned a level 3 spell: Static Discharge
  1193 | D:2      | Found a glowing silver altar of Zin.
  1426 | D:3      | Reached XP level 4. HP: 20/27 MP: 2/12
  1609 | D:3      | You fall through a shaft for 3 floors!
  1625 | D:5      | Entered Level 5 of the Dungeon
  1760 | D:5      | Noticed an ogre
  1788 | D:5      | Slain by a killer bee

Action                   |  1- 3 |  4- 6 || total
-------------------------+-------+-------++-------
Melee: Unarmed           |     5 |       ||     5
       Dagger            |    13 |     1 ||    14
 Cast: Shock             |    69 |    24 ||    93
  Use: Scroll            |       |     4 ||     4
 Stab: Sleeping          |       |     1 ||     1
  Eat: Chunk             |     2 |     1 ||     3
